 Dungeon Crawl Stone Soup version 0.31-a0-965-g8a8ce12e04 (webtiles) character file.

Game seed: 15661125021997994352

417 lunkers the Insei (level 7, -2/52 HPs)
             Began as a Meteoran Shapeshifter on Oct 26, 2023.
             Killed by divine providence
             ... invoked by an orc priest
              (10 damage)
             ... on level 5 of the Dungeon.
             The game lasted 00:02:29 (1736 turns).

lunkers the Insei (Meteoran Shapeshifter)           Turns: 1736, Time: 00:02:29

Health: -2/52      AC:  5    Str: 15    XL:     7   Next: 39%
Magic:  8/8        EV: 11    Int: 12    God:
Gold:   222        SH:  0    Dex: 16    Spells: 6/6 levels left

rFire   . .          .
                       - Unarmed
rCold   . . .        (no shield)
rNeg    + . .        q - +0 ring mail
rPois   .            (helmet currently unavailable)
rElec   .            (cloak currently unavailable)
rCorr   .            (gloves currently unavailable)
SInv    .            (boots currently unavailable)
Will    .....        (no amulet)
Stlth   +            f - ring of positive energy
HPRegen 0.28/turn    (no ring)
MPRegen 0.11/turn

%: no passive effects
@: beast-form, glowing
A: beast (slay +3), sense surroundings 1, otherworldly, glowing, explore regen,
camouflage 1, deterioration 1
a: Begin Untransformation


You were on level 5 of the Dungeon.
You were a hulking beast.
You visited 1 branch of the dungeon, and saw 5 of its levels.

You collected 222 gold pieces.

Inventory:

Missiles
 p - a throwing net
Armour
 a - a +0 animal skin
 q - a +0 ring mail (worn)
Jewellery
 f - a ring of positive energy (left hand)
Talismans
 c - a beast talisman
 d - a flux talisman
Wands
 n - a wand of polymorph (7)
Scrolls
 g - 3 scrolls of enchant armour {unknown}
 h - a scroll of noise {unknown}
 i - a scroll of teleportation {unknown}
 j - 2 scrolls of identify {unknown}
 k - 2 scrolls of enchant weapon {unknown}
Potions
 b - a potion of lignification
 e - a potion of mutation
 l - a potion of heal wounds {unknown}
 m - 2 potions of curing {unknown}
 o - 2 potions of enlightenment {unknown}


   Skills:
 - Level 1.1 Fighting
 - Level 2.1 Dodging
 * Level 7.7 Unarmed Combat
 + Level 5.6 Shapeshifting


You had 6 spell levels left.
You didn't know any spells.
Your spell library contained the following spells:

 Spells                   Type           Power      Damage    Failure   Level
 Summon Forest            Summ/Tloc      0%         N/A       100%        5
 Eringya's Noxious Bog    Tmut/Pois      0%         4d6       100%        6
 Summon Hydra             Summ           0%         N/A       100%        7


Dungeon Overview and Level Annotations

Branches:
Dungeon (5/15) Zot: 1282
 Temple: D:4-7

Altars:


Innate Abilities, Weirdness & Mutations

You are a hulking beast.
Your limbs bulge with bestial killing power. (Slay +3)
You passively map a small area around you.
You are easily found by Zot.
You glow in the dark.
You regain HP and MP as you explore.
Your skin changes colour to match your surroundings (Stealth+).
Your body sometimes deteriorates upon taking damage.


Message History

The orc priest is heavily wounded.
The orc priest completely misses you.
The orc wizard hits you but does no damage.
The orc barely misses you.
Unknown command.
You closely miss the orc priest.
The orc priest is heavily wounded.
The orc priest closely misses you. The orc closely misses you.
The orc wizard points at you and mumbles some strange words.
You easily resist.
Unknown command.
You hit the orc priest but do no damage.
The orc priest is heavily wounded.
You feel less confused. The orc priest barely misses you.
Unknown command.
You hit the orc priest but do no damage.
You punch the orc priest, but do no damage.
The orc priest is heavily wounded.
The orc hits you with a +0 club.
* * * LOW HITPOINT WARNING * * *
The orc wizard hits you with a +0 dagger.
* * * LOW HITPOINT WARNING * * *
You barely miss the orc priest.
The orc priest is heavily wounded.
The orc priest invokes the aid of Beogh against you.
You resist with significant effort. The orc barely misses you.
The orc wizard casts a spell at you. The puff of flame misses you.
Unknown command.
You hit the orc priest but do no damage.
The orc priest is heavily wounded.
The orc priest misses you. The orc closely misses you.
The orc wizard hits you but does no damage.
Unknown command.
You hit the orc priest.
The orc priest is heavily wounded.
The orc priest mumbles some strange prayers to Beogh against you.
Beogh smites you!
You die...

, ...........###. ,
............#.. ,
..............# ,
..............# ,
#............. ,
##......?...# ,
*#..........### ,
,#..##.##..ooo..>.#*
..#>...<.....h.....# # ,
, ..##...##..........#..
, ......................
....................# <,
* .................##...
* *
..............##......
#.............###.....
..#.#...#†.#..........#.
....##.##.###.........#
,


You could see an orc priest, an orc wizard and an orc.

Vanquished Creatures
  A water moccasin (D:5)
  A howler monkey (D:4)
  3 iguanas
  An orc priest (D:3)
  Natasha (twice) (D:3)
  2 adders
  2 white imps
  A worm (D:3)
  3 dart slugs
  6 orcs (D:3)
  8 ball pythons
  4 endoplasms
  2 giant cockroaches
  6 goblins
  6 hobgoblins
  7 jackals (D:1)
  3 quokkas
  2 bats
  2 frilled lizards
  4 kobolds
  4 rats
70 creatures vanquished.

Notes
Turn   | Place    | Note
-------+----------+-------------------------------------------
     0 | D:1      | lunkers the Meteoran Shapeshifter began the quest for the
                  | Orb.
     0 | D:1      | Reached XP level 1. HP: 16/16 MP: 2/2
   198 | D:1      | Reached skill level 4 in Unarmed Combat
   198 | D:1      | Reached XP level 2. HP: 13/23 MP: 3/3
   393 | D:1      | Reached XP level 3. HP: 17/28 MP: 4/4
   502 | D:1      | Glimpsed the power of Zot.
   552 | D:1      | Glimpsed the power of Zot.
   876 | D:2      | Reached XP level 4. HP: 35/35 MP: 5/5
   905 | D:3      | Reached skill level 5 in Unarmed Combat
  1014 | D:3      | Reached XP level 5. HP: 25/40 MP: 6/6
  1058 | D:3      | Noticed Natasha
  1065 | D:3      | Killed Natasha
  1165 | D:3      | Noticed Natasha
  1173 | D:3      | Reached skill level 6 in Unarmed Combat
  1174 | D:3      | Killed Natasha
  1221 | D:3      | Reached XP level 6. HP: 47/47 MP: 7/7
  1425 | D:4      | Reached skill level 5 in Shapeshifting
  1649 | D:5      | Entered Level 5 of the Dungeon
  1655 | D:5      | Reached skill level 7 in Unarmed Combat
  1694 | D:5      | Noticed a water moccasin
  1702 | D:5      | Killed a water moccasin
  1703 | D:5      | Reached XP level 7. HP: 36/52 MP: 8/8
  1729 | D:5      | Gained mutation: Your body sometimes deteriorates upon
                  | taking damage. [potion of mutation]
  1729 | D:5      | Gained mutation: Your skin changes colour to match your
                  | surroundings (Stealth+). [potion of mutation]
  1736 | D:5      | Killed from afar by an orc priest

Illustrated notes

Levels and vault maps discovered:
D:1:      lightli_arrival_boilingwater, layout_basic
D:2:      layout_loops_cross, kennysheep_generic_room_12, uniq_robin
D:3:      layout_basic, minmay_shallow_snake_nest, uniq_sigmund,
          uniq_crazy_yiuf_cottage, uniq_natasha
D:4:      layout_loops_ring, uniq_eustachio
D:5:      layout_cave_pools, amethyst_overflow_temple_binary,
          corexii_checkpoint_a

Skill      XL: |  1  2  3  4  5  6 |
---------------+-------------------+-----
Unarmed Combat | 4 5 6 7 |  7.7
Shapeshifting  | 4 5 |  5.6
Fighting       | |  1.1
Dodging        | |  2.1

Action                     |  1- 3 |  4- 6 |  7- 9 || total
---------------------------+-------+-------+-------++-------
  Melee: Unarmed           |    77 |   105 |    15 ||   197
         Punch             |     2 |     4 |     2 ||     8
    Use: Potion            |       |       |     1 ||     1
 Armour: Animal skin       |    35 |    28 |       ||    63
         Ring mail         |       |    11 |    16 ||    27
  Dodge: Dodged            |    30 |    50 |    13 ||    93

Table legend: (Time is in decaauts)
 A = Elapsed time spent in this place.
 B = Non-inter-level travel time spent in this place.
 C = Inter-level travel time spent in this place.
 D = Time resting spent in this place.
 E = Time spent auto-exploring this place.
 F = Levels seen in this place.
 G = Mean time per level.
                   A        B        C        D        E       F      G
               +--------+--------+--------+--------+--------+-----+--------+
         Total |   1717 |   1657 |     60 |      0 |   1242 |   5 |  343.4 |
       Dungeon |   1717 |   1657 |     60 |      0 |   1242 |   5 |  343.4 |
               +--------+--------+--------+--------+--------+-----+--------+

Top non-repeatable levels by time:
     D:1: 558 daAuts
     D:4: 400 daAuts
     D:3: 348 daAuts
     D:2: 328 daAuts
     D:5: 82 daAuts
